 Dungeon Crawl Stone Soup version 0.22.1-6-g1668fe2 (webtiles) character file.

2503 Fang the Skirmisher (level 9, -7/58 HPs)
             Began as a Gargoyle Berserker on Feb 7, 2019.
             Was an Elder of Trog.
             Mangled by an orc warrior
             ... wielding a +0 trident
              (10 damage)
             ... on level 6 of the Dungeon on Feb 8, 2019.
             The game lasted 00:11:05 (7337 turns).

Fang the Skirmisher (Gargoyle Berserker)            Turns: 7337, Time: 00:11:06

Health: -7/58      AC: 19    Str: 24      XL:     9   Next: 53%
Magic:  9/9        EV:  9    Int: 11      God:    Trog [****..]
Gold:   399        SH:  0    Dex:  8 (9)  Spells: 8/8 levels left

rFire    . . .     SeeInvis .   s - +0 war axe
rCold    . . .     Gourm    .   (no shield)
rNeg     + . .     Faith    .   w - +0 plate armour
rPois    ∞         Spirit   .   (no helmet)
rElec    +         Reflect  .   (no cloak)
rCorr    .         Harm     .   (no gloves)
MR       .....                  (no boots)
Stlth    ..........             t - amulet of magic regeneration
HPRegen  0.19/turn              m - ring of stealth
MPRegen  0.36/turn              p - +3 ring of intelligence

@: no status effects
A: negative energy resistance 1, electricity resistance, unbreathing,
petrification resistance, rot immunity, AC +6
a: Berserk, Trog's Hand, Brothers in Arms, Renounce Religion


You were on level 6 of the Dungeon.
You worshipped Trog.
Trog was greatly pleased with you.
You were hungry.

You visited 1 branch of the dungeon, and saw 6 of its levels.

You collected 399 gold pieces.

Inventory:

Hand Weapons
 s - a +0 war axe (weapon)
Armour
 w - a +0 plate armour (worn)
Jewellery
 e - an uncursed ring of flight {unknown}
 m - a ring of stealth (left hand)
 p - a +3 ring of intelligence (right hand)
 t - an amulet of magic regeneration (around neck)
Wands
 y - a wand of acid (9)
 B - a wand of clouds (6)
Scrolls
 b - 4 scrolls of blinking {unknown}
 d - 4 scrolls of remove curse {unknown}
 f - 2 scrolls of fog {unknown}
 j - 6 scrolls of identify {unknown}
 l - 7 scrolls of teleportation {unknown}
 o - 2 scrolls of enchant weapon {unknown}
 r - a scroll of noise {unknown}
 v - 2 scrolls of magic mapping {unknown}
 x - 2 scrolls of amnesia {unknown}
 z - a scroll of enchant armour {unknown}
Potions
 a - 2 potions of curing
 g - 2 potions of mutation {unknown}
 h - 2 potions of resistance {unknown}
 i - 3 potions of flight {unknown}
 k - 4 potions of degeneration {unknown}
 n - a potion of heal wounds {unknown}
 q - 4 potions of brilliance {unknown}
 u - a potion of magic {unknown}
Comestibles
 c - 8 rations


   Skills:
 + Level 7.7 Fighting
 + Level 6.4 Axes
 + Level 7.2 Armour
 + Level 5.4 Dodging


You had 8 spell levels left.
You didn't know any spells.
Your spell library was empty.

Dungeon Overview and Level Annotations

Branches:
Dungeon (6/15)
 Temple: D:4-7

Altars:
Dithmenos
Gozag
Nemelex Xobeh
Qazlal
Ru
Zin

Shops:
D:6 =

Annotations:
D:6 Prince Ribbit


Innate Abilities, Weirdness & Mutations

You are resistant to torment.
Your stone body is resilient. (AC +6)
You are immune to poison.
You resist negative energy. (rN+)
You are resistant to electric shocks. (rElec)
You can survive without breathing.
You are immune to petrification.
You are immune to rotting.


Message History

Prince Ribbit completely misses you.
Prince Ribbit hits you but does no damage.
You hit Prince Ribbit.
Prince Ribbit is moderately wounded.
Prince Ribbit hits you.
* * * LOW HITPOINT WARNING * * *
You slash Prince Ribbit!
Prince Ribbit is severely wounded.
Prince Ribbit lets out a mournful croak.
Prince Ribbit blinks!
You swing at nothing.
An orc warrior comes into view. It is wielding a trident.
You swing at nothing.
The orc warrior shouts!
The orc warrior hits you but does no damage.
You swing at nothing.
The orc warrior hits you but does no damage.
You swing at nothing.
The orc warrior hits you from afar with a trident!
You die...

####### ####
....... ..#
####### #.#
.########
#.######.###
.........
...(o.....<#
.########
(.######[#.#
..# ###)#.#
..# #.....#
..# #@#.#.#
### #.###.#
#..####o###.#
#......F>...#
#.#####[#####
#)# #.# #.#
#.#


You could see Prince Ribbit and an orc warrior.

Vanquished Creatures
  Pikel (D:5)
  Sigmund (D:3)
  An orc warrior (D:6)
  A slave (D:5)
  A black bear (D:6)
  A phantom (D:6)
  2 ogres
  4 centaurs
  A bullfrog (D:6)
  A scorpion (D:5)
  4 crimson imps
  2 quasits
  2 hounds
  5 orc wizards
  Crazy Yiuf (D:5)
  3 orc priests
  2 jellies
  A centaur skeleton (D:6)
  A bullfrog skeleton (D:4)
  An iguana (D:4)
  2 worker ants
  A howler monkey zombie (D:6)
  Robin (D:3)
  6 gnolls
  11 adders
  An adder skeleton (D:4)
  2 worms (D:2)
  2 dart slugs
  3 leopard geckos
  21 orcs
  4 giant cockroaches
  24 goblins
  12 hobgoblins
  5 jackals
  2 quokkas (D:2)
  8 bats
  7 frilled lizards
  A jackal skeleton (D:6)
  10 kobolds
  A leopard gecko skeleton (D:5)
  A leopard gecko zombie (D:5)
  A quokka skeleton (D:4)
  12 rats
174 creatures vanquished.

Vanquished Creatures (others)
  An orc wizard (D:6)
1 creature vanquished.

Grand Total: 175 creatures vanquished

Notes
Turn   | Place    | Note
-------+----------+-------------------------------------------
     0 | D:1      | Fang the Gargoyle Berserker began the quest for the Orb.
     0 | D:1      | Reached XP level 1. HP: 14/14 MP: 1/1
   260 | D:1      | Reached XP level 2. HP: 19/19 MP: 2/2
   558 | D:1      | Reached XP level 3. HP: 15/23 MP: 3/3
  1034 | D:2      | Reached ** piety under Trog
  1207 | D:2      | Reached XP level 4. HP: 28/29 MP: 4/4
  1510 | D:2      | Reached XP level 5. HP: 29/33 MP: 5/5
  2400 | D:3      | Reached XP level 6. HP: 39/39 MP: 6/6
  2562 | D:3      | Reached *** piety under Trog
  2612 | D:3      | Noticed Robin
  2638 | D:3      | Killed Robin
  2850 | D:3      | Noticed Sigmund
  2883 | D:3      | Killed Sigmund
  2883 | D:3      | Reached skill level 5 in Fighting
  2883 | D:3      | Reached XP level 7. HP: 4/44 MP: 7/7
  4194 | D:4      | Found a stormy altar of Qazlal.
  4197 | D:4      | Noticed an air elemental
  4197 | D:4      | Noticed a water elemental
  4197 | D:4      | Noticed a fire elemental
  4923 | D:5      | Entered Level 5 of the Dungeon
  5041 | D:5      | Found a runed door.
  5122 | D:5      | Reached **** piety under Trog
  5374 | D:5      | Reached skill level 5 in Armour
  5683 | D:5      | Found a shadowy altar of Dithmenos.
  5690 | D:5      | Found a sacrificial altar of Ru.
  5708 | D:5      | Reached XP level 8. HP: 27/51 MP: 8/8
  5952 | D:5      | Noticed Pikel
  5993 | D:5      | Killed Pikel
  5993 | D:5      | Reached skill level 5 in Axes
  6123 | D:5      | Found a glowing silver altar of Zin.
  6125 | D:5      | Found an opulent altar of Gozag.
  6353 | D:5      | Noticed Crazy Yiuf
  6362 | D:5      | Killed Crazy Yiuf
  6466 | D:6      | Reached XP level 9. HP: 57/57 MP: 9/9
  6484 | D:6      | Found a sparkling altar of Nemelex Xobeh.
  6518 | D:6      | Found Erexkuokh's Jewellery Shoppe.
  6645 | D:6      | Reached skill level 5 in Dodging
  7071 | D:6      | Noticed Prince Ribbit
  7332 | D:6      | HP: 2/58 [Prince Ribbit (6)]
  7337 | D:6      | Mangled by an orc warrior

Skill      XL: |  1  2  3  4  5  6  7  8  9 |
---------------+----------------------------+-----
Axes           | 3 4 5 6 |  6.4
Dodging        | 2 3 4 5 |  5.4
Fighting       | 4 5 7 |  7.7
Armour         | 3 4 5 6 7 |  7.2

Action                   |  1- 3 |  4- 6 |  7- 9 || total
-------------------------+-------+-------+-------++-------
Melee: Hand axe          |   147 |   266 |    34 ||   447
       War axe           |       |       |   314 ||   314
Invok: Berserk           |       |     1 |     4 ||     5
  Eat: Chunk             |     1 |     6 |    19 ||    26
Armor: Chain mail        |    80 |   168 |    37 ||   285
       Animal skin       |     6 |       |       ||     6
       Plate armour      |       |       |   308 ||   308
Dodge: Dodged            |    74 |   148 |   213 ||   435
